 Dungeon Crawl Stone Soup version 0.26.1-11-gd32895ea62 (webtiles) character file.

Game seed: 11660141666102319400

839 H0rd4k the Thaumaturge (level 7, 0/36 HPs)
             Began as a Deep Elf Earth Elementalist on July 2, 2021.
             Was an Initiate of Gozag.
             Shot with an arrow by a centaur (7 damage)
             ... on level 5 of the Dungeon on July 5, 2021.
             The game lasted 00:10:53 (6274 turns).

H0rd4k the Thaumaturge (DEEE)                       Turns: 6274, Time: 00:10:53

Health: 0/36       AC:  2    Str:  5    XL:     7   Next: 67%
Magic:  11/20      EV: 13    Int: 22    God:    Gozag
Gold:   301        SH:  5    Dex: 15    Spells: 18/22 levels left

rFire    . . .     SeeInvis .   (no weapon)
rCold    . . .     Faith    .   (no shield)
rNeg     . . .     Spirit   .   c - +0 robe
rPois    .         Reflect  +   (no helmet)
rElec    .         Harm     +   m - scarf {harm}
rCorr    .         Rampage  .   (no gloves)
Will     .....                  (no boots)
Stlth    ++........             n - amulet of reflection
HPRegen  0.12/turn              d - ring of flight
MPRegen  0.17/turn              (no ring)

@: no status effects
A: no striking features
a: Renounce Religion, Evoke Flight, Potion Petition, Call Merchant, Bribe Branch


You were on level 5 of the Dungeon.
You worshipped Gozag.
Gozag was aware of your devotion.
You visited 2 branches of the dungeon, and saw 6 of its levels.

You collected 357 gold pieces.
You paid 56 gold pieces to Gozag.

Inventory:

Hand Weapons
 r - the +8 flail of Debt {elec, rN+, unknown}
   (You found it on level 4 of the Dungeon)

   Occasionally, upon striking a foe, it can discharge electrical energy and
   cause terrible harm.
   It protects you from negative energy.
Missiles
 e - 14 poisoned darts (quivered)
 l - 139 stones
Armour
 c - a +0 robe (worn)
 m - a scarf of harm (worn)
Jewellery
 d - a ring of flight (left hand)
 n - an amulet of reflection (around neck)
Scrolls
 f - 5 scrolls of identify {unknown}
 g - 4 scrolls of remove curse {unknown}
 h - a scroll of teleportation {unknown}
 k - a scroll of immolation {unknown}
Potions
 a - a potion of flight {unknown}
 b - 2 potions of brilliance {unknown}
 i - 2 potions of curing {unknown}
 j - a potion of heal wounds {unknown}
 o - a potion of magic {unknown}
 p - a potion of berserk rage {unknown}
 q - 2 potions of ambrosia {unknown}


   Skills:
 + Level 2.5 Dodging
 - Level 2.4 Stealth
 * Level 8.2 Spellcasting
 + Level 2.7 Conjurations
 + Level 1.1 Transmutations
 * Level 7.1 Earth Magic


You had 18 spell levels left.
You knew the following spells:

 Your Spells              Type           Power        Failure   Level
a - Sandblast             Erth           80%          1%          1
b - Stone Arrow           Conj/Erth      60%          2%          3

Your spell library contained the following spells:

 Spells                   Type           Power        Failure   Level
 Passwall                 Tmut/Erth      22%          1%          2
 Lee's Rapid Deconstruct  Erth           20%          11%         5
 Petrify                  Tmut/Erth      27%          13%         4


Dungeon Overview and Level Annotations

Branches:
Dungeon (5/15)             Temple (1/1) D:4

Altars:
Ashenzari
Dithmenos
Fedhas
Gozag
Hepliaklqana
Kikubaaqudgha
Makhleb
Qazlal
Ru
Sif Muna
Uskayaw

Shops:
D:4 (

Annotations:
D:1 exclusion: downstairs
D:3 3 runed translucent doors, exclusion: 3 doors, Destapler's ghost, amateur MiFi


Message History

The centaur wields a +0 shortbow.
The centaur shoots an arrow.
The arrow hits you!
Casting: Stone Arrow (dangerous; 2% risk of failure)
Confirm with . or Enter, or press ? or * to list all spells.
Aiming: Stone Arrow (dangerous; 2% risk of failure)
Press: ? - help, Shift-Dir - straight line, f/p - centaur
Aim: a centaur, wielding a +0 shortbow and quivering 23 arrows (lightly wounded, 16% to evade)
The stone arrow hits the centaur!
The centaur is almost dead.
The centaur shoots an arrow.
The arrow hits you!
* * * LOW HITPOINT WARNING * * *
Casting: Stone Arrow (dangerous; 2% risk of failure)
Confirm with . or Enter, or press ? or * to list all spells.
Aiming: Stone Arrow (dangerous; 2% risk of failure)
Press: ? - help, Shift-Dir - straight line, f/p - centaur
Aim: a centaur, wielding a +0 shortbow and quivering 22 arrows (almost dead, 16% to evade)
The stone arrow misses the centaur.
The centaur shoots an arrow.
The arrow hits you.
You die...
Your body crumbles into a pile of gold.

#####.#.## #.
#####.....#.# #.#
............# #.#
.####.####### #.# .#
#.# #.# .####.### #.#
###.....# #.#### #
#.#.#.########....# #
#.#.......c...@...# #
#.###..#.########.# #
#......#.# #.#
########.#.# #.#
.........#.## #.#
#########...## #.# #
#.........## #.#
####.##.......#####.#
......>.............#


You could see a centaur.

Vanquished Creatures
  An ogre (D:4)
  2 phantoms (D:4)
  A bullfrog (D:5)
  2 howler monkeys
  A hound (D:4)
  2 orc priests (D:4)
  4 orc wizards (D:4)
  A worker ant (D:4)
  A hound skeleton (D:5)
  4 adders
  5 gnolls
  A white imp (D:5)
  An ufetubus (D:5)
  A worm (D:2)
  5 dart slugs
  5 leopard geckos
  11 orcs
  3 ball pythons
  6 bats
  6 giant cockroaches
  10 goblins
  7 hobgoblins
  5 jackals (D:4)
  10 kobolds
  2 quokkas
  3 frilled lizards
  6 rats
106 creatures vanquished.

Notes
Turn   | Place    | Note
-------+----------+-------------------------------------------
     0 | D:1      | H0rd4k the Deep Elf Earth Elementalist began the quest for
                  | the Orb.
     0 | D:1      | Reached XP level 1. HP: 10/10 MP: 6/6
   176 | D:1      | Reached XP level 2. HP: 15/15 MP: 6/8
   506 | D:1      | Reached XP level 3. HP: 19/19 MP: 8/10
   578 | D:1      | Learned a level 3 spell: Stone Arrow
  1024 | D:1      | Reached skill level 4 in Spellcasting
  1580 | D:2      | Reached XP level 4. HP: 24/24 MP: 8/12
  1939 | D:2      | Reached skill level 5 in Earth Magic
  2115 | D:2      | Reached skill level 5 in Spellcasting
  2872 | D:2      | Reached XP level 5. HP: 28/28 MP: 7/14
  3019 | D:3      | Found a shadowy altar of Dithmenos.
  3098 | D:3      | Found a faded altar of an unknown god.
  3724 | D:3      | Found a runed translucent gate.
  3724 | D:3      | Found a runed translucent gate.
  3724 | D:3      | Found a runed translucent gate.
  3724 | D:3      | Noticed Destapler's ghost (amateur MiFi)
  3820 | D:3      | Found a hazy altar of Hepliaklqana.
  4239 | D:4      | Reached skill level 6 in Spellcasting
  4239 | D:4      | Reached skill level 1 in Conjurations
  4383 | D:4      | Found a staircase to the Ecumenical Temple.
  4453 | D:4      | Got a masterwork flail
  4457 | D:4      | Reached XP level 6. HP: 32/32 MP: 10/17
  4472 | Temple   | Entered the Ecumenical Temple
  4517 | Temple   | Became a worshipper of Gozag Ym Sagoz the Greedy
  4850 | D:4      | Found Buotuf's Weapon Shoppe.
  5192 | D:4      | Reached skill level 7 in Spellcasting
  5192 | D:4      | Reached XP level 7. HP: 36/36 MP: 5/19
  5935 | D:5      | Entered Level 5 of the Dungeon
  6015 | D:5      | Reached skill level 8 in Spellcasting
  6274 | D:5      | Shot with an arrow by a centaur

Illustrated notes

Levels and vault maps discovered:
D:1:      roderic_crossed_star, layout_basic, corner_web_ring
D:2:      layout_basic
D:3:      layout_rooms, grunt_dithmenos_smoke_and_mirrors,
          nzn_hepliaklqana_mist_gate, gammafunk_ghost_necromancy,
          chequers_ecumenical_altar_twisty
D:4:      minmay_general_purpose_star, layout_basic, minmay_temple_entry_waves,
          serial_shops, nicolae_shop_crystal, st_stairs_6
D:5:      layout_loops_ring, serial_shops, shop
Temple:   eino_wide_crystal_templ

Skill      XL: |  1  2  3  4  5  6  7 |
---------------+----------------------+-----
Earth Magic    | 4 5 6 7 |  7.1
Spellcasting   | 4 5 6 7 8 |  8.2
Conjurations   | 1 2 |  2.7
Dodging        | |  2.5
Stealth        | |  2.4
Transmutations | |  1.1

Action                   |  1- 3 |  4- 6 |  7- 9 || total
-------------------------+-------+-------+-------++-------
Melee: Unarmed           |     2 |     2 |       ||     4
 Cast: Sandblast         |    33 |    16 |     5 ||    54
       Stone Arrow       |     8 |    76 |    23 ||   107
Armor: Robe              |     1 |     1 |       ||     2
Dodge: Dodged            |     5 |    10 |     3 ||    18
Block: Other             |       |     1 |     1 ||     2
